 Dungeon Crawl Stone Soup version 0.28-a0-1435-g82390b3a13 (webtiles) character file.

Game seed: 1541438351538044232

2 enile the Skirmisher (level 1, 0/17 HPs)
             Began as a Merfolk Wanderer on Jan 9, 2022.
             Slain by a hobgoblin (3 damage)
             ... on level 1 of the Dungeon.
             The game lasted 00:00:44 (183 turns).

enile the Skirmisher (Merfolk Wanderer)              Turns: 183, Time: 00:00:45

Health: 0/17       AC:  2    Str:  9    XL:     1   Next: 40%
Magic:  2/2        EV: 11    Int: 16    God:
Gold:   0          SH:  0    Dex: 11    Spells: 2/2 levels left

rFire   . . .      SeeInvis .   a - +0 dagger
rCold   . . .      Faith    .   (no shield)
rNeg    . . .      Spirit   .   d - +0 robe
rPois   .          Reflect  .   (no helmet)
rElec   .          Harm     .   (no cloak)
rCorr   .          Rampage  .   (no gloves)
Will    .....                   (no boots)
Stlth   +.........              (no amulet)
HPRegen 0.05/turn               (no ring)
MPRegen 0.08/turn               (no ring)

@: no status effects
A: (nimble swimmer 2), mertail
a: no special abilities


You were on level 1 of the Dungeon.
You visited 1 branch of the dungeon, and saw 1 of its levels.

Inventory:

Hand Weapons
 a - a +0 dagger (weapon)
Missiles
 b - 6 boomerangs (quivered)
 c - 38 stones
Armour
 d - a +0 robe (worn)


   Skills:
 + Level 2.5 Fighting
 - Level 1.0 Throwing
 - Level 1.1 Stealth
 - Level 1.0 Spellcasting
 - Level 1.1 Ice Magic
 - Level 2.4 Earth Magic
 - Level 1.0 Evocations


You had 2 spell levels left.
You didn't know any spells.
Your spell library contained the following spells:

 Spells                   Type           Power      Damage    Failure   Level
 Sandblast                Erth           16%        2d6       9%          1
 Freeze                   Ice            16%        1d4       14%         1
 Stone Arrow              Conj/Erth      8%         3d7       38%         3
 Ozocubu's Armour         Ice            4%         N/A       41%         3
 Petrify                  Tmut/Erth      4%         N/A       80%         4


Dungeon Overview and Level Annotations

Branches:
Dungeon (1/15)

Altars:


Innate Abilities, Weirdness & Mutations

((You are very nimble when in or above water. (Stealth+, EV+, Speed+++)))
Your lower body shifts to a powerful aquatic tail in water.


Message History

* * * LOW HITPOINT WARNING * * *
Throw: 6 boomerangs
Press: ? - help, Q - select action, (/) - cycle Shift-Dir - straight line, f - hobgoblin
Aim: a hobgoblin (56% to hit)
You throw a boomerang.
The boomerang closely misses the hobgoblin.
The boomerang hits the hobgoblin but does no damage.
The hobgoblin completely misses you.
Sorry, you're not good enough to have a special ability.
Sorry, you're not good enough to have a special ability.
As you read the scroll labelled ICI TIGEENUCA, it crumbles to dust.
It is a scroll of identify.
You don't have any unidentified items.
Sorry, you're not good enough to have a special ability.
You closely miss the hobgoblin. The hobgoblin barely misses you.
The hobgoblin hits you.
* * * LOW HITPOINT WARNING * * *
You hit the hobgoblin.
The hobgoblin is heavily wounded.
The hobgoblin hits you but does no damage.
The hobgoblin completely misses you.
You hit the hobgoblin.
The hobgoblin is almost dead.
The hobgoblin barely misses you. x2
You closely miss the hobgoblin.
The hobgoblin is almost dead.
The hobgoblin misses you. x2
You hit the hobgoblin.
You kill the hobgoblin!
The hobgoblin hits you but does no damage.
The hobgoblin closely misses you.
There is an open door here.
Sorry, you're not good enough to have a special ability.
Throw: 6 boomerangs
Press: ? - help, Q - select action, (/) - cycle Shift-Dir - straight line, f - hobgoblin
Aim: a hobgoblin (56% to hit)
You throw a boomerang.
The boomerang closely misses the hobgoblin.
The hobgoblin hits you.
You die...

#... ##..# #..# #..#
...# #.## .##
#######.## #..)....>#
#......#.# #........#
#####......###
#...@g.....######
#..........'....#
#.##.......###..#####
.. #.#.##### #.##....
## #.#.# #.#...?.
#.#.# #.#...♣ #.#.#
#.'..♣ #.#.# ###..♣♣
#.#.# #...♣


You could see a hobgoblin.

Vanquished Creatures
  A giant cockroach (D:1)
  A hobgoblin (D:1)
2 creatures vanquished.

Notes
Turn   | Place    | Note
-------+----------+-------------------------------------------
     0 | D:1      | enile the Merfolk Wanderer began the quest for the Orb.
     0 | D:1      | enile set off with the following items: a +0 dagger, 6
                  | boomerangs, 38 stones, a +0 robe; and the following spells
                  | available to memorise: Sandblast, Freeze, Stone Arrow,
                  | Ozocubu's Armour, Petrify
     0 | D:1      | Reached XP level 1. HP: 16/16 MP: 2/2
   183 | D:1      | Slain by a hobgoblin

Illustrated notes

Levels and vault maps discovered:
D:1:      lemuel_arrival_tunnels, layout_basic, kennysheep_another_room,
          minmay_tiny_reverse_x

Action                   || total
-------------------------++-------
Melee: Dagger            ||    31
Throw: Boomerang         ||     2
  Use: Scroll            ||     1
Armor: Robe              ||    12
Dodge: Dodged            ||    22

Table legend: (Time is in decaauts)
 A = Elapsed time spent in this place.
 B = Non-inter-level travel time spent in this place.
 C = Inter-level travel time spent in this place.
 D = Time resting spent in this place.
 E = Time spent auto-exploring this place.
 F = Levels seen in this place.
 G = Mean time per level.
                   A        B        C        D        E       F      G
               +--------+--------+--------+--------+--------+-----+--------+
         Total |    183 |    183 |      0 |      0 |    123 |   1 |  183.0 |
       Dungeon |    183 |    183 |      0 |      0 |    123 |   1 |  183.0 |
               +--------+--------+--------+--------+--------+-----+--------+

Top non-repeatable levels by time:
     D:1: 183 daAuts
